[Event "*** Titled Tuesday Blitz"]
[Site "Chess.com"]
[Date "2020.11.03"]
[Round "6"]
[White "Agoking701"]
[Black "Vuk2000"]
[Result "0-1"]
[WhiteElo "2358"]
[BlackElo "2640"]
[TimeControl "180+1"]
[EndTime "11:11:20 PST"]
[Termination "Vuk2000 won by checkmate"]

1. e4 d5 2. exd5 Qxd5 3. Nc3 Qd6 4. d4 Nf6 5. Nf3 c6 6. Bc4 Be6 7. Bxe6 Qxe6+ 8. Be3 Nbd7 9. Qe2 Nb6 10. O-O-O Nfd5 11. Nxd5 Qxd5 12. Kb1 e6 13. Ne5 f6 14. Nd3 O-O-O 15.
Nf4 Qd7 16. Bc1 Re8 17. Rhe1 Bd6 18. c4 e5 19. dxe5 Rxe5 20. Be3 Rhe8 21. Qc2 Qe7 22.
Nd3 Bc7 23. Nxe5 Qxe5 24. b3 Qh5 25. Bxb6 axb6 26. Rxe8+ Qxe8 27. Qd3 Kb8 28. f3 h6 29. Kc2 Qe5 30. Rd2 Qa5 31. a4 Qe5 32.
Qc3 Qf5+ 33. Qd3 Qe5 34. Qc3 Qf4 35. Qd3 Ka7 36. Re2 Be5 37. a5 bxa5 38. Qe3+ Qxe3 39. Rxe3 Kb6 40. Re4 Bxh2 41. Re7 g5 42. Rh7 Be5 43. Rxh6 Kc5 44. Kd3 Kb4 45. Kc2 b5 46. cxb5 cxb5 47. Rh8 a4 48. Ra8 a3 49. Kb1 Kxb3 50. Ra6 b4 51.
Ra5 Bd4 52. Ra8 Kc4 53. g3 Bc5 54. Kc2 b3+ 55. Kb1 a2+ 56. Ka1 Bd4# 0-1

[Event "*** Titled Tuesday Blitz"]
[Site "Chess.com"]
[Date "2020.11.03"]
[Round "6"]
[White "S2PAc"]
[Black "Legendinunknown"]
[Result "0-1"]
[WhiteElo "2849"]
[BlackElo "2689"]
[TimeControl "180+1"]
[EndTime "11:11:21 PST"]
[Termination "Legendinunknown won on time"]

1. d4 Nf6 2. g3 d5 3. Bg2 c6 4. Nf3 e6 5. O-O Bd6 6. c4 O-O 7. Nc3 Ne4 8. Nxe4 dxe4 9. Nd2 f5 10. f3 exf3 11. exf3 e5 12. c5 Bc7 13. dxe5 Bxe5 14. Nc4 Qd4+ 15. Qxd4 Bxd4+ 16. Be3 Bxe3+ 17. Nxe3 Be6 18. f4 Na6 19. b4 Rfd8 20. a3 Kf7 21. Rfd1 Nc7 22. Kf2 Nb5 23. a4 Nc3 24. Rxd8 Rxd8 25. b5 Rd2+ 26. Kg1 Re2 27. bxc6 bxc6 28. Nf1 Bd5 29.
Bxd5+ Nxd5 30. Rb1 Kf6 31. Rb7 Re7 32. Rb8 Nc3 33.
Rc8 Re6 34. a5 Na4 35. Rc7 a6 36. Nd2 Nxc5 37. Nc4 Nd3 38. Rd7 Nc5 39. Ra7 Re7 40. Ra8 Ke6 41. Rc8 Kd5 42. Nb6+ Kd4 43. Rxc6 Re1+ 44.
Kg2 Ra1 45. Rd6+ Ke4 46. Nc4 Ra4 47. Nd2+ Ke3 48. Nf1+ Ke2 49. Rd5 Nd3 50. h4 Ra1 51.
Nh2 Ne1+ 52. Kh3 g6 53. h5 Ra3 54. h6 Nd3 55. Rd7 Nxf4+ 56. Kh4 Ne6 57. Re7 Re3 58.
Rxh7 Kf2 59. g4 f4 60. g5 Kg2 0-1

[Event "*** Titled Tuesday Blitz"]
[Site "Chess.com"]
[Date "2020.11.03"]
[Round "6"]
[White "UmarovSabir"]
[Black "RaneshRatnesan"]
[Result "1-0"]
[WhiteElo "2318"]
[BlackElo "2099"]
[TimeControl "180+1"]
[EndTime "11:11:24 PST"]
[Termination "UmarovSabir won by checkmate"]

1. e4 c5 2. a3 d5 3. exd5 Qxd5 4. Nc3 Qd8 5. Nf3 Nc6 6. Bb5 Bd7 7. d4 e6 8. O-O a6 9. Be2 Nf6 10. Bg5 Be7 11.
dxc5 Bxc5 12. Ne4 Be7 13. Nd6+ Bxd6 14. Qxd6 Qe7 15. Rfd1 Qxd6 16. Rxd6 Ne4 17. Rd3 Nxg5 18. Nxg5 Ne5 19. Re3 Ng6 20. Bf3 Rb8 21. Rd1 Nf8 22.
Ne4 Ke7 23. Nc5 Bc8 24. Rc3 Ng6 25. Nxb7 Bxb7 26. Rc7+ Kf6 27. Bxb7 Rhd8 28. Rxd8 Rxd8 29. Bxa6 Rd1+ 30. Bf1 Nf4 31. g3 Nd5 32. Rb7 h5 33. c4 Ne7 34. b4 h4 35. h3 Nf5 36. g4 Nd4 37. Kg2 e5 38. a4 e4 39. Rd7 Rd2 40. Rxd4 Rxd4 41. a5 Ke6 42. a6 Rd1 43. b5 Kd7 44. c5 Kc7 45. b6+ Kc6 46. a7 Ra1 47. Bc4 f6 48. Bf7 Kb7 49. Bd5+ Kc8 50.
a8=Q+ Rxa8 51. Bxa8 Kd7 52. Bxe4 Ke6 53. c6 Ke5 54. c7 Kf4 55. c8=Q Kg5 56. b7 Kh6 57. Qf5 g5 58. Qg6# 1-0

[Event "*** Titled Tuesday Blitz"]
[Site "Chess.com"]
[Date "2020.11.03"]
[Round "6"]
[White "vugarrasulov"]
[Black "Natalya_Buksa"]
[Result "1-0"]
[WhiteElo "2850"]
[BlackElo "2537"]
[TimeControl "180+1"]
[EndTime "11:11:26 PST"]
[Termination "vugarrasulov won by resignation"]

1. g3 d5 2. Bg2 Nf6 3. c4 e6 4.
Nf3 Be7 5. O-O O-O 6. b3 c5 7.
cxd5 Nxd5 8. Bb2 Nc6 9. d4 cxd4 10. Nxd4 Nxd4 11. Bxd4 Bf6 12. Bxd5 Qxd5 13. Bxf6 Qxd1 14.
Rxd1 gxf6 15. Nc3 b6 16. Rac1 Bb7 17. f3 Rad8 18. Kf2 f5 19. Nb5 Rxd1 20. Rxd1 Rc8 21.
Rd2 Ba6 22. Nd6 Rc1 23. h3 Kf8 24. g4 Ke7 25. gxf5 Rc6 26. Ne4 exf5 27. Ng3 Kf6 28. e3 Ke6 29. Nh5 Rc1 30. Nf4+ Ke7 31. h4 Rh1 32. Kg3 Rg1+ 33. Kh2 Re1 34. Nd5+ Kf8 35. Kg3 Bb7 36. Kf4 Rh1 37. Kxf5 Bxd5 38. Rxd5 Rxh4 39. Rd7 Rh5+ 40. Kf6 Rh6+ 41. Kg5 Rg6+ 42.
Kh4 a5 43. e4 Rf6 44. Kg3 Rg6+ 45. Kf4 h5 46. Rd5 Rg2 47. Rxh5 Rxa2 48. Rb5 a4 49. b4 a3 50. Rxb6 Rb2 51. Kf5 a2 52. Ra6 Kg7 53. f4 Rxb4 54. Rxa2 Rb1 55. e5 Re1 56. Rg2+ Kf8 57. Kf6 Rf1 58. f5 Rh1 59. Ra2 Rh6+ 60. Kg5 Rb6 61. Ra8+ Kg7 62. f6+ Kh7 63. Rf8 Rb7 64. Kf5 Ra7 65. Re8 Ra1 66. e6 Rf1+ 67. Ke5 Re1+ 68. Kd6 fxe6 69. f7 Rd1+ 70. Ke7 Rf1 71. f8=Q 1-0

[Event "*** Titled Tuesday Blitz"]
[Site "Chess.com"]
[Date "2020.11.03"]
[Round "6"]
[White "Kaua18"]
[Black "BlackBoarder"]
[Result "1-0"]
[WhiteElo "2341"]
[BlackElo "2540"]
[TimeControl "180+1"]
[EndTime "11:11:28 PST"]
[Termination "Kaua18 won by checkmate"]

1. e4 e6 2. d4 d5 3. Nd2 c5 4. exd5 Qxd5 5. Ngf3 cxd4 6. Bc4 Qd6 7. O-O Nf6 8. Nb3 Nc6 9. Re1 a6 10. Nbxd4 Nxd4 11. Qxd4 Qxd4 12. Nxd4 Bd7 13. Bg5 Rc8 14. Bb3 h6 15.
Bh4 Bc5 16. Rad1 O-O 17. Nf5 exf5 18. Bxf6 Bc6 19. Be7 Bxe7 20. Rxe7 g6 21. h4 Kg7 22. h5 Rce8 23. Rde1 Kf6 24. R7e2 Rxe2 25. Rxe2 Re8 26. Rd2 Re1+ 27. Kh2 Ke7 28. f3 f4 29. Rd4 g5 30.
c3 Re2 31. Kh3 Rxb2 32. Rd1 Re2 33. Bd5 f5 34. Bxc6 bxc6 35. Rb1 Rxa2 36. Rb7+ Ke6 37. Rh7 Ra1 38. Rxh6+ Kd5 39. Kh2 Re1 40. Rg6 Re8 41.
Rxg5 Ke5 42. Kh3 a5 43. Rg7 Ra8 44. h6 a4 45. h7 Rh8 46. Ra7 a3 47. Kh4 Kf6 48.
Kh5 a2 49. Kh6 Ke6 50. Rxa2 Kf6 51. Ra7 Rc8 52. Rg7 Rb8 53. Rg8 Rb1 54. h8=Q+ Kf7 55. Qg7+ Ke6 56. Re8+ Kd5 57. Qd4# 1-0

[Event "*** Titled Tuesday Blitz"]
[Site "Chess.com"]
[Date "2020.11.03"]
[Round "6"]
[White "tptagain"]
[Black "lolo9292"]
[Result "0-1"]
[WhiteElo "2951"]
[BlackElo "2501"]
[TimeControl "180+1"]
[EndTime "11:11:29 PST"]
[Termination "lolo9292 won by resignation"]

1. Nf3 Nf6 2. b3 g6 3. Bb2 Bg7 4. g3 d6 5. d4 O-O 6. Bg2 b5 7.
O-O Bb7 8. e3 a6 9. c4 Nbd7 10.
Nc3 Nb6 11. Qe2 b4 12. Nb1 a5 13. a4 c5 14. Nbd2 Qc7 15. Rac1 Rad8 16. Rfd1 Rd7 17. d5 Rdd8 18. Ng5 Rde8 19. h4 Nbd7 20. Ndf3 Bc8 21.
e4 h6 22. Nh3 Ne5 23. Nxe5 dxe5 24. f3 Nh5 25. Kh2 f5 26. exf5 gxf5 27. f4 exf4 28.
Bxg7 fxg3+ 29. Kg1 Nxg7 30. d6 exd6 31. Qd2 Qe7 32.
Qxh6 Rf6 33. Qd2 Re6 34. Bd5 Qxh4 35. Nf4 Kh7 36. Nxe6 Bxe6 37. Re1 Bxd5 38. cxd5 Rxe1+ 39. Rxe1 f4 40. Qe2 Kg8 41. Qf3 g2 42. Rd1 Qh1+ 43.
Kf2 Qh4+ 44. Kxg2 Nf5 45. Kg1 Ne3 46. Rc1 Qg5+ 47. Kh1 Kf7 48. Qh3 Qxd5+ 49. Kg1 Qg5+ 50. Kh1 Qd5+ 51. Kg1 Qd4 52. Qh7+ Ke6 53. Qg8+ Kd7 54. Qf7+ Kc6 55. Qe8+ Kd5 56. Qa8+ Ke6 57. Qe8+ Kf5 58. Qh5+ Ke4 59. Qg6+ Nf5+ 60. Kh1 Qe3 61. Rd1 Qf3+ 62.
Kh2 Qe2+ 63. Kh3 Qxd1 64. Qe6+ Kf3 65. Qe2+ Kxe2 0-1

[Event "*** Titled Tuesday Blitz"]
[Site "Chess.com"]
[Date "2020.11.03"]
[Round "6"]
[White "CarlssonLudvig"]
[Black "jaskol95"]
[Result "0-1"]
[WhiteElo "2427"]
[BlackElo "2329"]
[TimeControl "180+1"]
[EndTime "11:11:32 PST"]
[Termination "jaskol95 won on time"]

1. e4 e6 2. d4 d5 3. Nc3 Bb4 4. e5 Ne7 5. a3 Bxc3+ 6. bxc3 c5 7. h4 Nbc6 8. h5 h6 9. Nf3 Qa5 10. Bd2 c4 11. a4 Bd7 12. Qb1 O-O-O 13. Rh3 Kb8 14. Qb5 b6 15. Qb2 Kb7 16. Qa3 Rhf8 17. Rb1 f6 18. Rb5 Qa6 19. Rb1 fxe5 20. Nxe5 Nxe5 21. Qxe7 Ng4 22. f3 Qxa4 23. fxg4 Qxc2 24.
Rc1 Rxf1+ 25. Kxf1 Qxd2 26. Qxd8 Qxc1+ 27. Kf2 Qf4+ 28. Rf3 Qd2+ 29. Kg3 Qe1+ 30. Kh2 Kc6 31. Rf7 Kb5 32. Qxd7+ Ka5 33. Qxa7+ Kb5 34. Qd7+ Ka5 35. Qd8 Ka4 36. Rf3 b5 37. Qe7 Qb1 38. Rf1 Qb2 39. Ra1+ Kb3 40.
Qb4+ Kc2 41. Qxb2+ Kxb2 42. Ra5 Kxc3 43. Rxb5 Kxd4 44.
Kg3 Kc3 45. Kf2 d4 46. Ke1 Kc2 47. Ra5 c3 48. Ra2+ Kb1 49. Ra8 d3 50. Rc8 Kc2 51. Rd8 d2+ 52. Ke2 Kc1 53. g5 hxg5 54. g4 e5 55. Rd7 e4 56. Rd5 e3 57. h6 gxh6 58. Rd3 c2 59. Kxe3 d1=Q 60. Rd4 Qxd4+ 0-1

[Event "*** Titled Tuesday Blitz"]
[Site "Chess.com"]
[Date "2020.11.03"]
[Round "6"]
[White "Das_Virus_2020"]
[Black "szefru"]
[Result "1-0"]
[WhiteElo "2413"]
[BlackElo "2275"]
[TimeControl "180+1"]
[EndTime "11:11:33 PST"]
[Termination "Das_Virus_2020 won by resignation"]

1. e4 Nf6 2. Nc3 d5 3. exd5 Nxd5 4. Bc4 c6 5. Qf3 e6 6. Nge2 Be7 7. O-O O-O 8. d4 Nd7 9. Ne4 N7f6 10. N2g3 b5 11.
Bb3 Bb7 12. c3 Nxe4 13. Nxe4 Nf6 14. Bc2 Qd7 15. Nxf6+ Bxf6 16. Qh3 g6 17. Be3 Bg7 18.
Rad1 Rad8 19. Be4 f5 20. Bf3 Qe7 21. Bh6 g5 22. Qh5 g4 23. Be2 Bxh6 24. Qxh6 Rf6 25. Qf4 Ba8 26. Rfe1 Kf7 27. Bf1 c5 28. dxc5 Rxd1 29.
Rxd1 Qxc5 30. Rd7+ Kg6 31. h4 h6 32. Rd8 Rf7 33. Rxa8 e5 34. Qd2 g3 35. Rg8+ Kh5 36. Rxg3 f4 37. Be2+ Kxh4 38. Rg4+ Kh5 39. Rxf4+ Kg6 40.
Rxf7 Kxf7 41. Bf3 Kf6 42. Qe3 Qc4 43. b3 Qc7 44. Qd3 b4 45. c4 a5 46. Qd5 a4 47.
Qc6+ Qxc6 48. Bxc6 axb3 49. axb3 Ke6 50. Kf1 Kd6 51. Be4 Kc5 52. Ke2 Kd4 53. Kd2 Kxe4 54. g3 Kd4 55. Ke2 e4 56. Kd2 h5 57. Ke2 Kc3 58. c5 Kxb3 59. c6 Ka2 60. c7 b3 61.
c8=Q b2 62. Qa6+ Kb3 63. Qb5+ Kc2 64. Qc4+ Kb1 65. Qxe4+ Ka2 66. Qa4+ Kb1 67. Qb5 Kc2 68. Qxb2+ Kxb2 69. Kf3 Kc3 70. Kf4 Kd3 71. Kg5 Ke2 72. Kxh5 Kxf2 73. g4 1-0

[Event "*** Titled Tuesday Blitz"]
[Site "Chess.com"]
[Date "2020.11.03"]
[Round "6"]
[White "gilbert_gm"]
[Black "Chessalary"]
[Result "1/2-1/2"]
[WhiteElo "2575"]
[BlackElo "2421"]
[TimeControl "180+1"]
[EndTime "11:11:34 PST"]
[Termination "Game drawn - insufficient material"]

1. e4 c6 2. Nc3 d5 3. Nf3 Bg4 4. h3 Bxf3 5. Qxf3 e6 6. d4 Nd7 7.
Be2 dxe4 8. Nxe4 Ngf6 9. c3 Nxe4 10. Qxe4 Nf6 11. Qc2 Be7 12. O-O O-O 13. a4 Qc7 14. g3 Rad8 15. Kg2 Rfe8 16. Bf4 Bd6 17. Bg5 Be7 18. Bf3 h6 19. Bf4 Bd6 20. Bxd6 Qxd6 21. a5 a6 22. Qb3 Qc7 23. Rfe1 Nd7 24. Qc4 e5 25. d5 c5 26. d6 Qxd6 27. Bxb7 Rb8 28.
Rad1 Qc7 29. Bd5 Re7 30. b4 Qa7 31. Re2 cxb4 32. cxb4 Nf6 33. Red2 Rc7 34. Qh4 Rd7 35. Bf3 Rxd2 36. Rxd2 Qe7 37. Qc4 Rxb4 38. Qxa6 e4 39. Be2 e3 40. fxe3 Qxe3 41. Rd8+ Kh7 42. Qd3+ Qxd3 43.
Bxd3+ g6 44. a6 Ra4 45. Rb8 Nd7 46. Bb5 Ra2+ 47. Kf3 Nc5 48. Rb7 Nxa6 49. Rxf7+ Kh8 50. Rf8+ Kg7 51. Ra8 Nb4 52. Rxa2 Nxa2 53. Bd3 Nc3 54. Be4 Kf6 55. Bb7 g5 56. Ke3 Ke5 57. Kd3 Nb5 58. Ke3 Nd4 59. Be4 h5 60. Bg6 h4 61.
gxh4 gxh4 62. Bd3 Ne6 63. Kf3 Ng5+ 64. Kg4 Nxh3 65. Kxh3 Kd4 66. Kxh4 1/2-1/2

[Event "*** Titled Tuesday Blitz"]
[Site "Chess.com"]
[Date "2020.11.03"]
[Round "6"]
[White "cstevens1"]
[Black "Angry_Twin"]
[Result "1-0"]
[WhiteElo "2701"]
[BlackElo "2851"]
[TimeControl "180+1"]
[EndTime "11:11:35 PST"]
[Termination "cstevens1 won by resignation"]

1. Nf3 d5 2. g3 Nf6 3. Bg2 g6 4. O-O Bg7 5. d3 O-O 6. Nbd2 d4 7. Nb3 Nc6 8. e3 dxe3 9. fxe3 a5 10. a4 Nd5 11. e4 Ndb4 12. d4 Bg4 13. c3 Na6 14. h3 Bxf3 15. Qxf3 e5 16. d5 Ne7 17. g4 c6 18. Be3 cxd5 19. exd5 f5 20. Rad1 e4 21. Qg3 Nxd5 22. gxf5 gxf5 23. Bh6 Qb6+ 24. Kh1 Qxh6 25.
Rxd5 f4 26. Qg4 f3 27. Bxf3 exf3 28. Rxf3 Rxf3 29. Qxf3 Rf8 30. Rf5 Rxf5 31. Qxf5 Qc6+ 32. Kh2 Qd6+ 33. Kg2 Qc6+ 34. Qf3 Qxf3+ 35. Kxf3 b6 36.
Ke4 Nc7 37. Nd2 b5 38. axb5 Nxb5 39. Nc4 a4 40. Kd5 Nc7+ 41. Kc6 Ne6 42. Kb5 Nf4 43. Kxa4 Nxh3 44. b4 Nf4 45. b5 Nd5 46. b6 Bh6 47. b7 Bf4 48. Kb5 h5 49. Nd2 Nxc3+ 50. Kc6 h4 51.
Nf3 h3 52. Kd7 Kg7 53. Ke6 Kg6 54. Ne5+ Bxe5 55. Kxe5 h2 56. b8=Q Kg7 57. Qa8 Ne2 58. Qh1 Ng1 59. Qg2+ Kf7 60. Kf4 Ne2+ 61. Kf3 Ng1+ 62.
Kf2 Ne2 63. Kxe2 1-0

[Event "*** Titled Tuesday Blitz"]
[Site "Chess.com"]
[Date "2020.11.03"]
[Round "6"]
[White "Brave_spirit12"]
[Black "Jenia84"]
[Result "1-0"]
[WhiteElo "2497"]
[BlackElo "2307"]
[TimeControl "180+1"]
[EndTime "11:11:37 PST"]
[Termination "Brave_spirit12 won on time"]

1. e4 e5 2. Nf3 Nc6 3. Bc4 Bc5 4. O-O Nf6 5. d4 Bxd4 6. Nxd4 Nxd4 7. Bg5 h6 8. Bh4 Ne6 9. Nc3 d6 10. Nd5 g5 11.
Bg3 Nxd5 12. Bxd5 Nf4 13. Re1 Qe7 14. Qd2 c6 15. Bb3 Be6 16. Rad1 O-O-O 17. Qa5 a6 18. f3 Qc7 19. Qc3 Bxb3 20. axb3 f6 21. Bf2 d5 22. exd5 cxd5 23. Qb4 d4 24. c3 Nd5 25. Qa3 dxc3 26. bxc3 Kb8 27. c4 Nf4 28. Qb4 Rxd1 29. Rxd1 Rd8 30. Ra1 Qd6 31. Qa5 Ne2+ 32.
Kf1 Qd3 33. Re1 Nd4+ 34. Kg1 Nc6 35. Qb6 Qd2 36. Rf1 Kc8 37. h3 Qd7 38. Ra1 Qc7 39. Qc5 Nd4 40. Qxc7+ Kxc7 41. b4 Kc6 42. Rb1 b5 43.
cxb5+ Kxb5 44. Kf1 Rc8 45. Ra1 Rc6 46. Be1 Nc2 47. Ra5+ Kb6 48. Bf2+ Nd4 49. g3 Rc1+ 50.
Kg2 Rc2 51. Rd5 Kc6 52. Rd8 Kb5 53. Rb8+ Ka4 54. Rb6 Ne2 55. Rxa6+ Kxb4 56. Rxf6 Kc3 57. Rc6+ Kd2 58. Rxh6 Nd4 59. Rd6 Kd1 60. g4 Rd2 61.
Kg3 Ke2 62. Bxd4 Rxd4 63. Re6 1-0

[Event "*** Titled Tuesday Blitz"]
[Site "Chess.com"]
[Date "2020.11.03"]
[Round "6"]
[White "jacky72"]
[Black "DenLaz"]
[Result "0-1"]
[WhiteElo "2523"]
[BlackElo "2729"]
[TimeControl "180+1"]
[EndTime "11:11:39 PST"]
[Termination "DenLaz won by checkmate"]

1. d4 d5 2. c4 c6 3. Nf3 Nf6 4. Nc3 dxc4 5. e4 b5 6. Be2 e6 7. O-O Be7 8. b3 cxb3 9. Qxb3 O-O 10. Rd1 a5 11. e5 Nd5 12. Ne4 Nd7 13. Bg5 Ba6 14.
Rac1 Rc8 15. Bxe7 Qxe7 16. Nd6 Rc7 17. Bd3 N7b6 18. Bb1 Nc4 19. Ne4 Ndb6 20. Qd3 g6 21. Nf6+ Kg7 22. Ng5 h6 23. Nge4 Nd5 24. Qg3 Qa3 25. Qh4 Rh8 26. Nc5 Bc8 27. Nxd5 cxd5 28. Qf6+ Kh7 29. h4 h5 30. Qg5 Kg7 31. Qf6+ Kh7 32.
Kh2 Rg8 33. Rc2 Rxc5 34. dxc5 Rg7 35. Re2 Qxc5 36. g4 hxg4 37. h5 Kg8 38. hxg6 fxg6 39.
Bxg6 Qf8 40. Qg5 Bd7 41. Qh5 Qf3 42. Rde1 Be8 43. Bxe8 Rh7 44. Kg1 Rxh5 45. Bxh5 Kg7 46. Be8 d4 47. Bxb5 d3 48. Bxc4 dxe2 49. Bxe2 Qf4 50. Bd1 Kg6 51. Re3 Kg5 52. Kg2 Qd4 53. Be2 Kf4 54. Rg3 Qd5+ 55. Kh2 Qxa2 56. Rxg4+ Kf5 57. Bf3 Qxf2+ 58. Rg2 Qxf3 59. Rg3 Qf4 60. Kh3 a4 61. Rg2 Qh6+ 62. Kg3 Qg5+ 63. Kh3 Qxg2+ 64. Kxg2 a3 65. Kf3 a2 66. Kg3 a1=Q 67. Kh4 Qg1 68. Kh3 Kf4 69. Kh4 Qh2# 0-1

[Event "*** Titled Tuesday Blitz"]
[Site "Chess.com"]
[Date "2020.11.03"]
[Round "6"]
[White "Zq1"]
[Black "Karacsonyi_Gellert"]
[Result "1/2-1/2"]
[WhiteElo "2514"]
[BlackElo "2664"]
[TimeControl "180+1"]
[EndTime "11:11:40 PST"]
[Termination "Game drawn by repetition"]

1. d4 Nf6 2. c4 e6 3. Nc3 Bb4 4. e3 O-O 5. Bd3 c5 6. Ne2 d5 7. cxd5 cxd4 8. exd4 exd5 9. O-O Nc6 10. Bc2 Bg4 11. f3 Bh5 12. a3 Ba5 13. Nf4 Bg6 14.
Nxg6 hxg6 15. Be3 Re8 16. Bf2 Bxc3 17. bxc3 Rc8 18. Rb1 Na5 19. Qd3 b6 20. Ba4 Re7 21. Bb5 Qc7 22. Rfc1 Nc4 23. Ba6 Rce8 24. a4 Nh5 25. g3 Re2 26. Re1 Rxe1+ 27. Rxe1 Rxe1+ 28. Bxe1 Qe7 29. Bf2 Nd6 30. c4 dxc4 31. Bxc4 Qc7 32. Bd5 Nf6 33. Bb3 Qc1+ 34. Kg2 Nf5 35. g4 Ne7 36. d5 Qc7 37. d6 Qd7 38. Bg3 g5 39. Qc4 Ned5 40. Qd4 Ne7 41. Qe5 Nc6 42. Qxg5 Nd4 43.
Qe3 Nxb3 44. Qxb3 Kf8 45. h4 Ne8 46. Qb4 f6 47. h5 Kf7 48. Qc4+ Qe6 49. Qd3 Qd7 50.
Qg6+ Kf8 51. h6 gxh6 52. Qxh6+ Kg8 53. Qg6+ Ng7 54. Bf4 Qxa4 55. Qxf6 Qc2+ 56. Kg3 Qd1 57. Be5 Qg1+ 58. Kf4 Qh2+ 59. Ke4 Qe2+ 60. Kd5 Qb5+ 61. Ke4 Qe2+ 62. Kf4 Qh2+ 63. Ke3 Qg1+ 64. Kd3 Qd1+ 65. Kc4 Qa4+ 66. Kd3 Qd1+ 67. Ke3 Qe1+ 68. Kd4 Qb4+ 69. Kd5 Qb5+ 70. Ke4 Qe2+ 1/2-1/2

[Event "*** Titled Tuesday Blitz"]
[Site "Chess.com"]
[Date "2020.11.03"]
[Round "6"]
[White "TokChess"]
[Black "Rakhimzhan_Alen"]
[Result "0-1"]
[WhiteElo "2465"]
[BlackElo "2623"]
[TimeControl "180+1"]
[EndTime "11:11:43 PST"]
[Termination "Rakhimzhan_Alen won by resignation"]

1. c4 e5 2. g3 Nc6 3. Bg2 Bc5 4. Nc3 Nf6 5. e3 d6 6. Nge2 O-O 7. O-O a5 8. d3 Ba7 9. h3 Be6 10. Kh2 d5 11. cxd5 Nxd5 12. a3 Qd7 13. Qc2 Rad8 14.
Rd1 f5 15. Na4 Qe7 16. d4 e4 17. Nc5 Bc8 18. b4 axb4 19. axb4 Ncxb4 20. Qb3 Bxc5 21. dxc5 Nd3 22. Rxd3 exd3 23. Bxd5+ Kh8 24. Nf4 c6 25. Bf3 Qxc5 26. Ba3 Qa5 27. Bb2 Qb5 28. Qxb5 cxb5 29. Rd1 d2 30. Bc3 Rfe8 31. Kg2 Bd7 32. Bxb7 b4 33.
Bxd2 Ba4 34. Ra1 Rxd2 35. Rxa4 Rb8 36. Bd5 g6 37. Ra2 Rxa2 38. Bxa2 b3 39. Bb1 Rc8 40. Nd3 b2 41. Kf3 Rc1 42. Ba2 b1=Q 43. Bxb1 Rxb1 44. h4 Kg7 45. Nf4 Kf6 46. Ne2 Ke5 47. Nd4 Ra1 48. Nc6+ Kd5 49. Nd4 Ra2 50. Ne2 Kc4 51. Nf4 Kc3 52. Ne6 Ra6 53. Ng5 Ra7 54. Kf4 h6 55. Ne6 Ra4+ 56. Nd4 Kd3 57. h5 gxh5 58. Kxf5 Kd2 59. Kg6 Ke1 60. Kxh5 Kxf2 61. Nf5 Kf3 62. Kxh6 Kg4 63. e4 Rxe4 64. Kg6 Re6+ 65. Kf7 Kxf5 0-1

[Event "*** Titled Tuesday Blitz"]
[Site "Chess.com"]
[Date "2020.11.03"]
[Round "6"]
[White "Keures"]
[Black "Manukyan_Artak"]
[Result "1/2-1/2"]
[WhiteElo "2313"]
[BlackElo "2429"]
[TimeControl "180+1"]
[EndTime "11:11:43 PST"]
[Termination "Game drawn - insufficient material"]

1. d4 Nf6 2. c4 d6 3. Nc3 g6 4. e4 Bg7 5. Nf3 O-O 6. h3 e5 7. d5 c5 8. g4 Na6 9. Be2 Nc7 10. Be3 a6 11. Nd2 Rb8 12. a4 Bd7 13. Qb3 Nfe8 14. f3 b5 15. axb5 axb5 16. Nxb5 Nxb5 17. cxb5 Bxb5 18. Bxb5 Nc7 19. Qd3 Nxb5 20. O-O Nd4 21. Ra2 Qh4 22. Kg2 Rb4 23. Rf2 Rfb8 24.
Nf1 Bh6 25. Bxh6 Qxh6 26. Ng3 Qc1 27. Ne2 Qe1 28. Nxd4 Rxd4 29. Qe2 Qb1 30. Ra6 Rd1 31. f4 Rg1+ 32. Kf3 Rh1 33. fxe5 Rxh3+ 34. Kf4 dxe5+ 35.
Kxe5 Re8+ 36. Kd6 Rxe4 37. Qf1 Qxf1 38. Rxf1 Rd3 39. Kxc5 Re5 40. Rd6 h5 41. gxh5 gxh5 42. Rg1+ Kf8 43. b4 h4 44. b5 h3 45. b6 h2 46. Rh1 Re2 47. Rh6 Rc3+ 48. Kd6 Rb3 49.
R1xh2 Rxb6+ 50. Kc5 Rxh6 51. Rxh6 Ke7 52. Ra6 Rc2+ 53.
Kd4 Rd2+ 54. Ke5 Re2+ 55. Kd4 Rd2+ 56. Ke4 Re2+ 57. Kd3 Re1 58. Kd4 Rd1+ 59. Kc5 Rc1+ 60. Kd4 Rd1+ 61. Ke5 Re1+ 62. Kf5 Rd1 63. Ra7+ Kd6 64.
Ke4 Re1+ 65. Kf5 Rd1 66. Rxf7 Rxd5+ 67. Kf4 Re5 68. Rf6+ Re6 69. Rxe6+ Kxe6 1/2-1/2

[Event "*** Titled Tuesday Blitz"]
[Site "Chess.com"]
[Date "2020.11.03"]
[Round "6"]
[White "andrzej"]
[Black "Eloist"]
[Result "0-1"]
[WhiteElo "2369"]
[BlackElo "2289"]
[TimeControl "180+1"]
[EndTime "11:11:43 PST"]
[Termination "Eloist won by checkmate"]

1. e4 e6 2. d4 d5 3. Nc3 Nf6 4. e5 Nfd7 5. f4 c5 6. Nf3 Nc6 7. Be3 a6 8. Qd2 b5 9. dxc5 Bxc5 10. Bd3 Qb6 11. Bf2 Bxf2+ 12. Qxf2 Nc5 13. O-O b4 14. Ne2 a5 15. Rad1 Ne7 16. Kh1 Na4 17.
Qg3 g6 18. b3 Nb2 19. Rb1 Nxd3 20. cxd3 Ba6 21. Nfd4 O-O 22. Rbc1 Rac8 23. Qe3 Rxc1 24. Rxc1 Rc8 25. Rxc8+ Bxc8 26. Qc1 Ba6 27. Qc2 h5 28. h3 Bb7 29. Kh2 Nc6 30. Nxc6 Bxc6 31. Ng1 Bb5 32. Nf3 Qe3 33. Qd2 Qxd2 34. Nxd2 Bxd3 35. Kg1 Kg7 36. Kf2 f6 37. g3 g5 38. h4 gxf4 39.
gxf4 Kg6 40. Ke3 Bc2 41. Kd4 Kf5 42. exf6 Kxf6 43. Kc5 Kf5 44. Kb5 Kxf4 45. Kxa5 e5 46. Kxb4 d4 47. a4 e4 48. a5 e3 49. Nc4 e2 50. a6 e1=Q+ 51. Kb5 Be4 52. Nd6 Bd5 53. b4 Qc3 54. Ka5 Qc6 55. Nb5 Bc4 56. Nc7 Qxc7+ 57. Ka4 Qb6 58. Ka3 Qxa6+ 59. Kb2 Qb5 60. Kc2 d3+ 61. Kd2 Kg4 62. Ke1 Qxb4+ 63. Kf2 Qb2+ 64. Ke3 Qe2+ 65. Kd4 d2 66. Kc3 d1=Q 67. Kb4 Be6 68. Kc5 Qec2+ 69. Kb4 Qdb1+ 70. Ka5 Qca2# 0-1

[Event "*** Titled Tuesday Blitz"]
[Site "Chess.com"]
[Date "2020.11.03"]
[Round "6"]
[White "MIJuanReyesRosa"]
[Black "Walter_White_Poland"]
[Result "0-1"]
[WhiteElo "2119"]
[BlackElo "2354"]
[TimeControl "180+1"]
[EndTime "11:11:44 PST"]
[Termination "Walter_White_Poland won by checkmate"]

1. d4 Nf6 2. Nf3 c5 3. c4 cxd4 4. Nxd4 Nc6 5. Nc3 e6 6. e4 Bb4 7.
Nxc6 dxc6 8. Qxd8+ Kxd8 9. Bd2 e5 10. O-O-O Ke7 11. Nd5+ Nxd5 12. exd5 Bxd2+ 13. Rxd2 cxd5 14. Rxd5 f6 15. Be2 Be6 16. Rd2 Rac8 17. Rc2 a5 18.
b3 Bf5 19. Rc3 Rhd8 20. Rd1 Rxd1+ 21. Kxd1 Be4 22. Bf3 Bxf3+ 23. Rxf3 Ke6 24. Rd3 f5 25. Rd5 b6 26. Kd2 g5 27. f3 h5 28. g3 g4 29.
f4 exf4 30. gxf4 h4 31. Re5+ Kf6 32. Rb5 Rc6 33. Ke3 h3 34. Kf2 Rd6 35. Kg3 Kg6 36. c5 bxc5 37. Rxc5 a4 38. bxa4 Rd3+ 39. Kf2 Rf3+ 40.
Ke2 Rxf4 41. a5 Ra4 42. Ke3 Kg5 43. Rc2 Rxa5 44. Rf2 Ra3+ 45. Kd4 f4 46. Ke5 Ra5+ 47. Ke4 g3 48. hxg3 fxg3 49. Rf8 h2 50. Rg8+ Kh4 51.
Rh8+ Rh5 52. Rg8 h1=Q+ 53. Kf4 Qf1+ 54. Ke3 Qe1+ 55. Kd3 Qf2 56. Kc4 g2 57. Re8 g1=Q 58.
Re4+ Kh3 59. Rh4+ Kxh4 60. a4 Qd4+ 61. Kb3 Qb1+ 62. Ka3 Qdb4# 0-1

[Event "*** Titled Tuesday Blitz"]
[Site "Chess.com"]
[Date "2020.11.03"]
[Round "6"]
[White "Jumbo"]
[Black "m_ezat"]
[Result "1-0"]
[WhiteElo "2837"]
[BlackElo "2536"]
[TimeControl "180+1"]
[EndTime "11:11:45 PST"]
[Termination "Jumbo won by checkmate"]

1. d4 Nf6 2. Bf4 c5 3. dxc5 e6 4. Bd6 Na6 5. Qd4 b6 6. Bxf8 Rxf8 7. cxb6 Qxb6 8. Qxb6 axb6 9. c3 Nc5 10. Nd2 Ba6 11.
Ngf3 Ke7 12. Nd4 Rfc8 13. g3 Bb7 14. f3 g6 15. a3 e5 16. Nc2 d5 17. Bh3 Rc7 18. Nb4 d4 19. cxd4 exd4 20. Kf2 Nd5 21. Rac1 f5 22. Rc4 Nxb4 23. Rxb4 Na4 24. Nc4 b5 25. Ne5 Rc2 26. Nd3 Bc6 27. Rc1 Rxc1 28. Nxc1 Kd6 29. Nd3 Kc7 30. Rxd4 Re8 31. Bf1 Kb6 32.
h4 Re7 33. h5 Bb7 34. h6 Bc6 35. Rd8 Bb7 36. e3 Kc7 37. Rd4 Kb6 38. Be2 Bc6 39.
Bd1 Nc5 40. Nxc5 Kxc5 41. Bb3 g5 42. Bc2 Re6 43. Bxf5 Rxh6 44. b4+ Kb6 45. e4 Rh2+ 46. Ke3 Ra2 47. Rd3 Rc2 48. Bxh7 Rg2 49. g4 Rg1 50. Bg8 Re1+ 51. Kf2 Rc1 52. Bd5 Bd7 53. Ke3 Kc7 54. Kd4 Re1 55. Ke5 Rc1 56. Kf6 Be8 57.
Kxg5 Kd6 58. f4 Ke7 59. f5 Rg1 60. e5 Rf1 61. f6+ Kf8 62. e6 Bf7 63. e7+ Ke8 64. Bc6# 1-0